 Dungeon Sprint DCSS version 0.27.1-2-g3b301248ec (webtiles) character file.

Game seed: 6670039699009993975

12992 szrap the Bludgeoner (level 11, -3/117 (122) HPs)
             Began as a Minotaur Berserker on Sept 22, 2021.
             Was the Champion of Trog.
             Killed from afar by an orc sorcerer (25 damage)
             ... with a bolt of negative energy
             ... in the Dungeon (Sprint IX: "|||||||||||||||||||||||||||||").
             The game lasted 00:05:50 (1576 turns).

szrap the Bludgeoner (Minotaur Berserker)           Turns: 1576, Time: 00:05:50

HP:   -3/117 (122)  AC: 21    Str: 28    XL:     11   Next: 69%
MP:   3/3           EV: 12    Int:  4    God:    Trog [******]
Gold: 1273          SH:  0    Dex: 10    Spells: 10/10 levels left

rFire    . . .     SeeInvis .   s - +5 great mace (antimagic)
rCold    . . .     Faith    .   (shield currently unavailable)
rNeg     . . .     Spirit   .   m - +3 chain mail
rPois    .         Reflect  .   (helmet restricted)
rElec    .         Harm     .   a - +0 cloak
rCorr    .         Rampage  .   e - +0 pair of gloves
Will     .....     NoTele   +   (no boots)
Stlth    ..........             (no amulet)
HPRegen  0.29/turn              b - +2 ring of protection
MPRegen  0.08/turn              l - +3 ring of strength

@: on berserk cooldown, slowed, lightly drained, very slow
A: horns 2, retaliatory headbutt
a: Renounce Religion, Berserk, Trog's Hand, Brothers in Arms


You were in the Dungeon.
You worshipped Trog.
Trog was exalted by your worship.
You visited 1 branch You collected 1273 gold pieces.

Inventory:

Hand Weapons
 k - a +2 vorpal morningstar
 p - a +1 great mace of flaming
 s - a +5 antimagic great mace (weapon)
Armour
 a - a +0 cloak (worn)
 e - a +0 pair of gloves (worn)
 m - a +3 chain mail (worn)
Jewellery
 b - a +2 ring of protection (left hand)
 l - a +3 ring of strength (right hand)
Wands
 j - a wand of acid (10)
Scrolls
 h - 2 scrolls of blinking
 o - 4 scrolls of fear
 q - a scroll of identify
 r - a scroll of fog
Potions
 c - 7 potions of curing
 d - 7 potions of heal wounds
 f - 4 potions of magic
 g - 2 potions of berserk rage
 i - a potion of invisibility
 n - a potion of might


   Skills:
 + Level 19.1 Fighting
 + Level 20.7 Maces & Flails
 + Level 13.6 Armour
 + Level 10.8 Dodging
 * Level 3.6 Evocations


You had 10 spell levels left.
You didn't know any spells.
Your spell library was empty.

Dungeon Overview and Level Annotations

Branches:
Dungeon (1/1)

Altars:
Cheibriados
Dithmenos
Elyvilon
Fedhas
Gozag
Hepliaklqana
Kikubaaqudgha
Makhleb
Nemelex Xobeh
Okawaru
Qazlal
Ru
Sif Muna
Trog
Uskayaw
Vehumet
Wu Jian
Xom
Yredelemnul
Zin
The Shining One
Beogh
Jiyva
Lugonu

Shops:
D ?(=(


Innate Abilities, Weirdness & Mutations

You have a pair of horns on your head.
You reflexively headbutt those who attack you in melee.


Message History

You hit the orc high priest.
The orc high priest is severely wounded.
The ice devil hits you.
* * * LOW HITPOINT WARNING * * *
The ice devil freezes you!!
* * * LOW HITPOINT WARNING * * *
You sock the orc high priest!
You kill the orc high priest!
Trog accepts your kill. Trog grants you a weapon!
Something appears at your feet!
You see here a +6 glaive of flaming.
The hellwing disappears in a puff of smoke!
The ice devil disappears in a puff of smoke!
Your Fighting skill increases to level 19!
An orc sorcerer comes into view. It is wielding a +0 dagger.
Found 50 gold pieces.
The orc sorcerer shouts!
You hear a shout!
The orc closely misses you.
There is an entrance to Deptaog's Magic Scroll Emporium here.
Things that are here:
a +0 short sword; a +0 leather armour; 50 gold pieces You sock the orc!
You kill the orc!
Trog accepts your kill.
The orc sorcerer sings a few bars from the Orcish anthem.
The orc sorcerer casts a spell at you. You resist with significant effort.
An orc knight comes into view. It is wielding a +0 great sword.
Things that are here:
a +0 hand axe; 50 gold pieces You are too berserk!
An orc comes into view. It is wielding a +0 hand axe.
You feel a strong urge to attack something.
You are no longer berserk.
You are exhausted.
You feel yourself slow down.
The orc shouts!
The orc sorcerer casts a spell at you. The bolt of negative energy hits you!!
You feel drained.
You die...

▓_▓.▓.▓.▓)▓
▓'▓.▓)▓.▓)▓
▓.▓.▓÷▓.▓)▓
▓?▓.▓.▓.▓)▓
▓)▓.▓÷▓.▓§▓
▓.▓.▓.▓.▓)▓
▓.▓.▓.▓.▓∩▓
▓.▓.▓.▓.▓)▓
▓[▓.▓.▓.▓@▓
▓.▓.▓.▓.▓.▓
▓.▓.▓(▓.▓∩▓
▓)▓.▓.▓.▓.▓
▓.▓.▓.▓.▓∩▓
▓.▓.▓(▓.▓o▓
▓.▓.▓'▓.▓o▓
▓.▓.▓.▓.▓o▓
▓.▓.▓.▓.▓


You could see an orc knight and 2 orc sorcerers.

Vanquished Creatures
  A catoblepas (D)
  A centaur warrior (D)
  A two-headed ogre (D)
  3 death yaks (D)
  2 orc high priests (D)
  4 orc knights (D)
  An orc sorcerer (D)
  A slime creature (D)
  A black mamba (D)
  3 cane toads (D)
  A komodo dragon (D)
  2 trolls (D)
  2 blink frogs (D)
  6 yaks (D)
  2 wraiths (D)
  A basilisk (D)
  A wyvern (D)
  A vampire mosquito (D)
  5 water moccasins (D)
  8 orc warriors (D)
  3 bullfrogs (D)
  A scorpion (D)
  A howler monkey (D)
  A hound (D)
  3 orc priests (D)
  An iguana (D)
  5 orc wizards (D)
  An ufetubus (D)
  A dart slug (D)
  10 orcs (D)
  A bat zombie (D)
  A quokka (D)
  2 ball pythons (D)
  A bat (D)
  A frilled lizard (D)
80 creatures vanquished.

Notes
Turn   | Place    | Note
-------+----------+-------------------------------------------
     0 | D        | szrap the Minotaur Berserker began the quest for the Orb.
     0 | D        | Reached XP level 1. HP: 19/19 MP: 0/0
     4 | D        | Banished a spatial maelstrom
     6 | D        | Reached skill level 4 in Maces & Flails
     8 | D        | Reached ** piety under Trog
    16 | D        | Noticed an iguana
    16 | D        | Noticed a scorpion
    16 | D        | Noticed a hound
    20 | D        | Killed an iguana
    21 | D        | Reached skill level 5 in Fighting
    21 | D        | Reached skill level 5 in Maces & Flails
    21 | D        | Reached XP level 2. HP: 30/30 MP: 1/1
    21 | D        | Reached XP level 3. HP: 37/37 MP: 2/2
    22 | D        | Killed a scorpion
    22 | D        | Reached *** piety under Trog
    23 | D        | Reached skill level 7 in Maces & Flails
    23 | D        | Reached XP level 4. HP: 46/47 MP: 3/3
    31 | D        | Reached skill level 8 in Maces & Flails
   154 | D        | Found a snail-covered altar of Cheibriados.
   154 | D        | Found a shadowy altar of Dithmenos.
   154 | D        | Found a white marble altar of Elyvilon.
   154 | D        | Found a blossoming altar of Fedhas.
   154 | D        | Found an opulent altar of Gozag.
   155 | D        | Found a hazy altar of Hepliaklqana.
   156 | D        | Found a viscous altar of Jiyva.
   157 | D        | Found an ancient bone altar of Kikubaaqudgha.
   158 | D        | Found a corrupted altar of Lugonu.
   159 | D        | Found a burning altar of Makhleb.
   160 | D        | Found a sparkling altar of Nemelex Xobeh.
   161 | D        | Found an iron altar of Okawaru.
   162 | D        | Found a stormy altar of Qazlal.
   163 | D        | Found a sacrificial altar of Ru.
   164 | D        | Found a shimmering blue altar of Sif Muna.
   165 | D        | Found a bloodstained altar of Trog.
   166 | D        | Found a hide-covered altar of Uskayaw.
   167 | D        | Found a radiant altar of Vehumet.
   168 | D        | Found an ornate altar of the Wu Jian Council.
   169 | D        | Found a shimmering altar of Xom.
   170 | D        | Found a basalt altar of Yredelemnul.
   171 | D        | Found a glowing silver altar of Zin.
   172 | D        | Found a glowing golden altar of the Shining One.
   221 | D        | Noticed a two-headed ogre
   221 | D        | Noticed a wraith
   221 | D        | Noticed a yak
   221 | D        | Noticed a wraith
   222 | D        | Reached **** piety under Trog
   227 | D        | Killed a two-headed ogre
   228 | D        | Reached skill level 12 in Maces & Flails
   228 | D        | Reached skill level 5 in Armour
   228 | D        | Reached XP level 5. HP: 35/62 MP: 4/4
   228 | D        | Reached XP level 6. HP: 40/70 MP: 5/5
   228 | D        | Reached XP level 7. HP: 44/77 MP: 6/6
   231 | D        | Killed a wraith
   232 | D        | Reached skill level 13 in Maces & Flails
   232 | D        | Killed a yak
   233 | D        | Reached XP level 8. HP: 49/85 MP: 7/7
   235 | D        | Reached ***** piety under Trog
   471 | D        | Noticed a slime creature
   471 | D        | Noticed a slime creature
   471 | D        | Noticed a troll
   471 | D        | Noticed a troll
   471 | D        | Noticed a centaur warrior
   474 | D        | Reached skill level 14 in Maces & Flails
   479 | D        | Killed a large slime creature
   481 | D        | Killed a troll
   482 | D        | Reached skill level 15 in Maces & Flails
   483 | D        | Killed a troll
   484 | D        | Reached XP level 9. HP: 96/96 MP: 8/8
   491 | D        | Killed a centaur warrior
   492 | D        | Reached skill level 15 in Fighting
   492 | D        | Reached skill level 16 in Maces & Flails
   725 | D        | Noticed a komodo dragon
   741 | D        | Received a gift from Trog
   746 | D        | Killed a komodo dragon
   746 | D        | Reached ****** piety under Trog
   747 | D        | Reached skill level 17 in Maces & Flails
   758 | D        | Reached XP level 10. HP: 106/107 MP: 9/9
   792 | D        | Noticed a cane toad
   792 | D        | Noticed a cane toad
   792 | D        | Noticed a black mamba
   795 | D        | Killed a cane toad
   798 | D        | Noticed a cane toad
   799 | D        | Killed a cane toad
   800 | D        | Reached skill level 10 in Armour
   800 | D        | Reached skill level 10 in Dodging
   801 | D        | Received a gift from Trog
   804 | D        | Killed a black mamba
   805 | D        | Reached skill level 18 in Maces & Flails
   807 | D        | Killed a cane toad
   856 | D        | Noticed a death yak
   856 | D        | Noticed a death yak
   856 | D        | Noticed a death yak
   857 | D        | Noticed a catoblepas
   862 | D        | Killed a death yak
   867 | D        | Killed a death yak
   867 | D        | Received a gift from Trog
   873 | D        | Killed a death yak
   874 | D        | Reached skill level 19 in Maces & Flails
   874 | D        | Reached XP level 11. HP: 95/117 MP: 10/10
   887 | D        | Killed a catoblepas
  1416 | D        | Noticed an orc knight
  1421 | D        | Killed an orc knight
  1421 | D        | Received a gift from Trog
  1482 | D        | Received a gift from Trog
  1499 | D        | Reached skill level 20 in Maces & Flails
  1544 | D        | Found Deptaog's Magic Scroll Emporium.
  1544 | D        | Noticed an orc knight
  1544 | D        | Noticed an orc high priest
  1544 | D        | Noticed an orc sorcerer
  1544 | D        | Noticed an orc knight
  1544 | D        | Noticed an orc knight
  1548 | D        | Killed an orc knight
  1548 | D        | Identified the +6 triple sword "Gighes" {vorpal, rElec}
                  | (Trog gifted it to you in the Dungeon)
  1548 | D        | Received a gift from Trog
  1549 | D        | Reached skill level 1 in Evocations
  1549 | D        | Noticed an orc high priest
  1551 | D        | Killed an orc high priest
  1552 | D        | Found Vizelo's Weapon Shoppe.
  1553 | D        | Killed an orc sorcerer
  1558 | D        | Killed an orc knight
  1559 | D        | Found Qafiasch's Jewellery Emporium.
  1564 | D        | Killed an orc knight
  1567 | D        | Found Welilec's Weapon Shoppe.
  1572 | D        | Killed an orc high priest
  1572 | D        | Received a gift from Trog
  1573 | D        | Noticed an orc sorcerer
  1575 | D        | Noticed an orc knight
  1576 | D        | Killed from afar by an orc sorcerer

Illustrated notes

Levels and vault maps discovered:
D:        linesprint [early_d, line_temple, items_1, d_10, items_2, lair_1,
          lair_end, items_3, orc_1, orc_end, items_4, d_15, swamp_1, shoals_1,
          snake_1, spider_1, d_20, vaults_1, items_5, swamp_end, shoals_end,
          snake_end, spider_end, vaults_end, d_27, items_6, zot_1, zot_end,
          crypt_end, forest_end, elf_end, slime_end, tomb_end, abyss_end,
          pan_hell_end]

Skill      XL: |  1  2  3  4  5  6  7  8  9 10 11 |
---------------+----------------------------------+-----
Fighting       | 5 7 12 14 15 17 19 | 19.1
Maces & Flails | 5 7 12 13 15 17 19 20 | 20.7
Armour         | 3 5 6 7 9 11 13 | 13.6
Dodging        | 3 4 7 8 9 10 | 10.8
Evocations     | 3 |  3.6

Action                   |  1- 3 |  4- 6 |  7- 9 | 10-12 || total
-------------------------+-------+-------+-------+-------++-------
Melee: Mace              |    10 |     9 |       |       ||    19
       Headbutt          |     3 |     3 |    11 |    20 ||    37
       Morningstar       |       |     5 |    52 |    17 ||    74
       Great mace        |       |       |       |    87 ||    87
Invok: Berserk           |     1 |     1 |     4 |     7 ||    13
       Trog's Hand       |       |       |     2 |     6 ||     8
       Brothers in Arms  |       |       |       |     1 ||     1
  Use: Scroll            |       |       |     2 |       ||     2
       Potion            |       |       |       |     1 ||     1
Armor: Chain mail        |       |     2 |    26 |    30 ||    58
Dodge: Dodged            |     7 |    12 |    26 |    28 ||    73
